 Dungeon Crawl Stone Soup version 0.29.1-12-g30fa7ad0bf (webtiles) character file.

Game seed: 10857259668923022114

378669 xSliceyx the Intangible (level 23, -5/164 HPs)
             Began as a Djinni Hedge Wizard on Dec 23, 2022.
             Was the Champion of Makhleb.
             Slain by a tentacled monstrosity (12 damage)
             ... on level 5 of the Vaults on Dec 31, 2022.
             The game lasted 06:25:07 (71052 turns).

xSliceyx the Intangible (Djinni Hedge Wizard)      Turns: 71052, Time: 06:25:09

Health: -5/164     AC:  9    Str: 15    XL:     23   Next: 91%
Gold:   103        EV: 24    Int: 38    God:    Makhleb [******] SH:  9 Dex: 15

rFire   + + .      SeeInvis .   T - +4 spear "Plojy" {speed, Fragile rElec rCorr Int+4}
rCold   + + .      Faith    .   J - +3 buckler {rN+}
rNeg    + + .      Spirit   .   u - +0 robe "Ofunisehom" {rC++ Str-4 Dex+4}
rPois   ∞          Reflect  .   Q - +2 hood of the Assassin {Detection Stab+ Stlth++}
rElec   +          Harm     .   a - scarf {rC+ rF+}
rCorr   +          Rampage  .   P - +2 pair of gloves {Str+3}
Will    ++++.      Clarity  +   (boots unavailable)
Stlth   +++++.....              t - amulet of Nefiong {rElec rC- Regen+ Str+2 Int+6}
HPRegen 1.17/turn               p - ring "Volo" {Ice Will++ MP+9 Int+4 Dex-5}
MPRegen 0.00/turn               d - ring "Unuwk" {rN+ rCorr Str+5}

@: brilliant, death channelling, flying, constricted
A: sickness immunity, fire resistance 2, cold vulnerability 1, float, innate
caster, HP casting, extra vitality 1, claws 1, horns 1, iridescent scales 1,
camouflage 1, clarity
}: 2/15 runes: decaying, serpentine
a: Renounce Religion, Minor Destruction, Lesser Servant of Makhleb, Major
Destruction, Greater Servant of Makhleb


You were on level 5 of the Vaults.
You worshipped Makhleb.
Makhleb was exalted by your worship.
You visited 7 branches of the dungeon, and saw 38 of its levels.
You visited 1 bazaar.
You also visited: Volcano.

You collected 6113 gold pieces.
You spent 6010 gold pieces at shops.

Inventory:

Hand Weapons
 M - a +1 trishula of holy wrath
 T - the +4 spear "Plojy" (weapon) {speed, Fragile rElec rCorr Int+4}
   (You bought it in a shop on level 1 of the Dungeon)

   Attacks with this weapon are significantly faster.
   Int:       It affects your intelligence (+4).
   rElec:     It insulates you from electricity.
   rCorr:     It protects you from acid and corrosion.
   Fragile:   It will be destroyed if unequipped.
Missiles
 r - a curare-tipped dart
Armour
 a - a scarf of resistance (worn)
 u - the +0 robe "Ofunisehom" (worn) {rC++ Str-4 Dex+4}
   (You bought it in a shop on level 3 of the Dungeon)

   Str:       It affects your strength (-4).
   Dex:       It affects your dexterity (+4).
   rC:        It greatly protects you from cold.
 E - a +2 robe of the Archmagi
 J - a +3 buckler of positive energy (worn)
 P - a +2 pair of gloves of strength (worn)
 Q - the +2 hood of the Assassin (worn) {Detection Stab+ Stlth++}
   (You found it on level 13 of the Dungeon)

   It allows the wearer to sense nearby creatures.
   It allows the wearer to make particularly effective stabbing attacks against
   helpless or unaware enemies with any weapon.
   Stlth:     It makes you much more stealthy.
Jewellery
 c - an amulet of reflection
 d - the ring "Unuwk" (right hand) {rN+ rCorr Str+5}
   (You bought it in a shop on level 3 of the Snake Pit)

   [ring of resist corrosion]

   Str:       It affects your strength (+5).
   rN:        It protects you from negative energy.
   rCorr:     It protects you from acid and corrosion.
 p - the ring "Volo" (left hand) {Ice Will++ MP+9 Int+4 Dex-5}
   (You found it on level 8 of the Dungeon)

   [ring of ice]

   It enhances your ice magic.
   Int:       It affects your intelligence (+4).
   Dex:       It affects your dexterity (-5).
   rF:        It makes you vulnerable to fire.
   rC:        It protects you from cold.
   MP:        It affects your magic capacity (+9).
   Will:      It greatly increases your willpower.
 t - the amulet of Nefiong (around neck) {rElec rC- Regen+ Str+2 Int+6}
   (You bought it in a shop in a bazaar)

   [amulet of regeneration]

   Str:       It affects your strength (+2).
   Int:       It affects your intelligence (+6).
   rC:        It makes you vulnerable to cold.
   rElec:     It insulates you from electricity.
   Regen:     It increases your rate of health regeneration.
 x - the amulet of Medeeth {Regen+ Str+3}
   (You bought it in a shop in a bazaar)

   [amulet of regeneration]

   Str:       It affects your strength (+3).
   Regen:     It increases your rate of health regeneration.
 B - a ring of see invisible
Wands
 n - a wand of flame (50)
 y - a wand of mindburst (10)
 D - a wand of quicksilver (39)
 I - a wand of iceblast (33)
 U - a wand of digging (9)
Scrolls
 f - 4 scrolls of summoning
 g - 14 scrolls of teleportation
 i - 11 scrolls of butterflies
 k - 5 scrolls of magic mapping
 l - 7 scrolls of blinking
 o - 18 scrolls of identify
 C - a scroll of torment
 F - 14 scrolls of immolation
 L - 6 scrolls of fear
 V - 6 scrolls of poison
Potions
 b - 3 potions of might
 e - 3 potions of invisibility
 j - 7 potions of cancellation
 m - 5 potions of mutation
 q - 2 potions of ambrosia
 v - 4 potions of resistance
 w - 7 potions of brilliance
 z - 5 potions of haste
 A - 9 potions of heal wounds
 K - 18 potions of curing
 O - 5 potions of lignification
 R - 9 potions of attraction
Miscellaneous
 s - a phial of floods
 G - a box of beasts
 H - a phantom mirror
 S - a lightning rod (4/4)
 X - a piece from Xom's chessboard (15/15)


   Skills:
 - Level 14.0 Fighting
 O Level 27 Dodging
 - Level 1.5 Stealth
 - Level 7.0 Shields
 - Level 20.0 Spellcasting
 + Level 11.5 Invocations
 - Level 2.0 Evocations


You couldn't memorise any spells.
You knew the following spells:

 Your Spells              Type           Power      Damage    Failure   Level
a - Magic Dart            Conj           100%       1d8       0%          1
b - Blink                 Tloc           100%       N/A       0%          2
c - Call Imp              Summ           100%       N/A       0%          2
d - Slow                  Hex            100%       N/A       0%          1
e - Conjure Flame         Conj/Fire      100%       6-21      0%          3
f - Mephitic Cloud        Conj/Pois/Air  100%       N/A       0%          3
g - Summon Small Mammal   Summ           100%       N/A       0%          1
h - Passwall              Tmut/Erth      100%       N/A       0%          2
i - Ignite Poison         Fire/Tmut/Pois 100%       N/A       0%          3
j - Olgreb's Toxic Radia  Pois           100%       N/A       0%          4
k - Ice Form              Ice/Tmut       100%       N/A       0%          4
l - Borgnjor's Vile Clut  Necr/Erth      68%        N/A       0%          5
m - Summon Cactus Giant   Summ           68%        N/A       1%          6
n - Death Channel         Necr           68%        N/A       1%          6
o - Conjure Ball Lightni  Conj/Air       68%        3x3d25    1%          6
p - Borgnjor's Revivific  Necr           68%        N/A       1%          8
q - Haunt                 Necr/Summ      68%        N/A       1%          7
Your spell library was empty.

Dungeon Overview and Level Annotations

Branches:
Dungeon (15/15)            Temple (0/1) D:5            Lair (5/5) D:10
  Swamp (4/4) Lair:2        Snake (4/4) Lair:3        Slime (0/5) Lair:4
    Orc (2/2) D:12            Elf (3/3) Orc:2        Vaults (4/5) D:14
  Crypt (0/3) Vaults:3     Depths (0/4) D:15        Volcano (visited)

Altars:
Ashenzari
Cheibriados
Elyvilon
Gozag
Hepliaklqana
Makhleb
Okawaru
Qazlal
Uskayaw
Yredelemnul
The Shining One
Jiyva

Shops:
D:1 (   D:3 ([[:(   D:4 *   Orc:2 ==*[   Elf:1 [!![   Elf:2 ?   Elf:3 [
Snake:1 *((*=?[   Snake:3 =(:(   Vaults:4 (

Portals:
Trove: D:10 (give sling of Ointment)

Annotations:
Snake:4 BeingJoeMalik's ghost, adept NaFi


Innate Abilities, Weirdness & Mutations

You are immune to sickness and miasma.
You are immune to poison.
Your flesh is very heat resistant. (rF++)
You are vulnerable to cold. (rC-)
You float through the air rather than walking.
You learn spells naturally, not from books.
Your magical power is your life essence.
You have superior vitality. (+4 MHP)
You have sharp fingernails.
You have a pair of small horns on your head.
You are partially covered in iridescent scales. (AC +2)
Your skin changes colour to match your surroundings (Stealth+).
You possess an exceptional clarity of mind.


Message History

Casting: Borgnjor's Vile Clutch (safe; 0% risk of failure)
Confirm with . or Enter, or press ? or * to list all spells.
Aiming: Haunt (mildly dangerous; 1% risk of failure)
Press: ? - help, Dir - move target, f/p - tentacled monstrosity
Aim: a tentacled monstrosity (moderately wounded, constricting you, constricted by zombie hands, ally target)
You feel a surge of power!
Insubstantial figures form in the air.
The zombie hands constrict the yaktaur captain!
The zombie hands constrict the tentacled monstrosity!!
The tentacled monstrosity tentacle-slaps you.
The tentacled monstrosity misses you. x2
The tentacled monstrosity constricts you!
* * * LOW HITPOINT WARNING * * *
You block the ogre mage's attack.
The yaktaur captain shoots a bolt.
The bolt closely misses your phantasmal warrior.
The bolt hits you!!!
* * * LOW HITPOINT WARNING * * *
You hear a shout!
Unknown command.
Casting: Haunt (mildly dangerous; 1% risk of failure)
Confirm with . or Enter, or press ? or * to list all spells.
You don't have enough health to cast this spell.
Read: 7 scrolls of fear
Press: ? - help, Q - select action, (/) - cycle Dir - look around, f - activate You can't see that place.
As you read the scroll of fear, it crumbles to dust.
You assume a fearsome visage.
The yaktaur captain looks frightened!
The titan resists with almost no effort.
The ogre mage looks frightened!
The tentacled monstrosity easily resists.
The zombie hands constrict the yaktaur captain!!
You kill the yaktaur captain!
Makhleb accepts your kill.
You feel better.
The zombie hands constrict the tentacled monstrosity.
A glowing mist starts to gather...
The tentacled monstrosity tentacle-slaps you!
* * * LOW HITPOINT WARNING * * *
The tentacled monstrosity tentacle-slaps you!
You die...

#... #..#
#... #..##
#.Z.# #.C.
{ #C)####
#WWW..###
#@O.....#
#X.####..#
#.W.. .
#WW##..
#... ..#
#.... .#
#..#. #
#.....


You could see a tentacled monstrosity (clutched, ally target), a titan, an ogre
mage (fleeing), a friendly shadow wraith (summoned, invisible), 3 friendly
phantasmal warriors, a friendly cactus giant (summoned), a friendly spectral
yaktaur captain and 2 friendly wraiths.

Vanquished Creatures
  Mennas (Vaults:4)
  Mara (Elf:3)
  Bai Suzhen (Vaults:3)
  Margery (Vaults:3)
  Rupert (Lair:5)
  2 deep elf master archers (Elf:3)
  3 deep elf blademasters
  A quicksilver dragon (Vaults:5)
  Gastronok (D:12)
  2 sphinxes (Vaults:3)
  2 thorn hunters (Swamp:4)
  Kirke (Swamp:4)
  5 nagarajas
  Agnes (Snake:3)
  5 deep elf sorcerers
  9 vault wardens
  5 deep elf elementalists (Elf:3)
  15 ironbound preservers
  2 war gargoyles (Vaults:4)
  2 stone giants
  8 ironbound thunderhulks
  Nessos (D:12)
  3 deep elf demonologists (Elf:3)
  5 very ugly things
  8 deep elf annihilators (Elf:3)
  9 dire elephants
  2 bunyips (Swamp:3)
  An eleionoma (Swamp:3)
  An entropy weaver (shapeshifter) (Elf:3)
  A merfolk impaler (D:13)
  Josephine (D:10)
  3 deep elf death magi
  A fire dragon (D:12)
  Erolcha (D:12)
  A great orb of eyes (Vaults:2)
  6 yaktaur captains
  A deep elf high priest (Elf:3)
  30 vault guards
  18 hydras
  4 ogre magi
  Erica (Lair:2)
  4 boulder beetles
  A salamander tyrant (Snake:4)
  A ghost crab (Swamp:4)
  7 ironbound frosthearts
  15 two-headed ogres
  8 alligators
  14 dancing weapons
  22 centaur warriors
  14 naga warriors
  A merfolk avatar (D:13)
  5 anacondas
  A vampire mage (Vaults:3)
  10 death yaks
  A death knight (D:12)
  An orc high priest (Elf:1)
  19 spriggans
  2 tengu warriors (D:15)
  9 naga sharpshooters
  8 shock serpents
  11 deep elf knights
  6 hell knights (Vaults:3)
  An iron troll (Orc:2)
  3 salamander mystics (Snake:4)
  8 skeletal warriors
  2 goliath frogs
  3 anaconda skeletons (Volcano)
  A spriggan druid (Swamp:3)
  A naga ritualist (Snake:1)
  5 swamp dragons
  46 deep trolls
  16 deep elf zephyrmancers
  7 wizards
  9 deep elf archers
  A harpy (shapeshifter) (Elf:2)
  9 ironbound convokers
  3 bog bodies
  Pikel (D:5)
  7 lindwurms
  A harpy (Vaults:2)
  5 necromancers
  2 orc sorcerers
  36 deep elf pyromancers
  2 orc knights
  10 cyclopes
  6 salamanders
  18 ugly things
  3 will-o-the-wisps
  18 elephants
  8 manticores
  11 black mambas
  13 vault sentinels
  5 naga magi
  A toenail golem (Volcano)
  3 guardian serpents
  11 cane toads
  A torpor snail (Lair:5)
  5 gargoyles
  A freezing wraith (D:15)
  3 kobold demonologists (D:12)
  3 unseen horrors
  11 komodo dragons
  3 rime drakes
  24 yaktaurs
  2 human zombies (Vaults:2)
  2 bloated husks
  10 trolls
  3 polar bears
  Prince Ribbit (D:4)
  A tarantella (shapeshifter) (D:10)
  3 harpy skeletons (Volcano)
  14 hornets
  5 tyrant leeches
  A blink frog (shapeshifter) (D:10)
  7 slime creatures
  8 dream sheep (Lair:5)
  3 flying skulls (Volcano)
  A shadow (D:6)
  An alligator skeleton (Volcano)
  4 wyverns
  7 wraiths
  21 yaks
  A fire elemental (Elf:3)
  6 hogs (Swamp:4)
  Grum (D:8)
  3 neqoxecs (D:10)
  9 basilisks
  A glowing shapeshifter zombie (Vaults:2)
  5 vampire mosquitoes (Swamp:1)
  2 wargs (Orc:1)
  Menkaure (D:5)
  7 swamp worms
  38 nagas
  A warg (shapeshifter) (D:15)
  14 water moccasins
  An acid dragon (D:14)
  4 swamp drakes
  Duvessa (D:6)
  3 sky beasts
  14 orc warriors
  6 black bears
  24 wolves
  24 ogres
  5 centaurs
  3 boggarts (Lair:5)
  2 lemures (D:5)
  2 kobold brigands (D:12)
  A necrophage (D:4)
  10 bullfrogs
  A gnoll sergeant (D:7)
  3 earth elementals
  3 scorpions
  11 wights
  Dowan (D:6)
  8 killer bees
  9 howler monkeys
  3 vampire bats (Orc:1)
  2 electric eels
  2 troll skeletons (Volcano)
  A spriggan skeleton (Volcano)
  18 orc priests
  3 jellies
  Crazy Yiuf (D:2)
  5 iguanas
  Ijyb (D:5)
  Terence (D:2)
  4 hell rats (Lair:1)
  16 orc wizards
  A naga skeleton (Volcano)
  7 gnolls
  4 adders
  A white imp (D:8)
  3 worms
  4 dart slugs
  63 orcs
  9 bats
  4 endoplasms
  7 giant cockroaches
  9 goblins
  11 hobgoblins
  A jackal (D:3)
  3 quokkas
  7 ball pythons
  2 frilled lizards
  5 kobolds
  A rat (D:3)
  A spectral orc (D:10)
  2 ball lightnings (Vaults:1)
1175 creatures vanquished.

Vanquished Creatures (collateral kills)
  Boris (Vaults:4)
  A sphinx (Vaults:1)
  2 shadow dragons (Vaults:4)
  4 thorn hunters
  3 vault wardens
  A frost giant (Vaults:4)
  2 ironbound preservers
  An ironbound thunderhulk (Vaults:3)
  A very ugly thing (Vaults:4)
  3 eleionomae
  A dire elephant (Vaults:2)
  2 bunyips
  The ghost of sanboga the Severer, a journeyman MiMo of Hepliaklqana (D:13)
  A deep elf death mage (Elf:3)
  A shambling mangrove (Swamp:4)
  A yaktaur captain (Vaults:3)
  3 salamander tyrants
  2 vault guards
  2 great orbs of eyes
  6 hydras
  4 anacondas
  A boulder beetle (D:12)
  A peacekeeper (Vaults:4)
  The ghost of Unforgiven the Spear-Bearer, a journeyman VSFi of Jiyva (Lair:3)
  A ghost crab (Swamp:3)
  An ironbound frostheart (Vaults:4)
  The ghost of Rangus the Thaumaturge, a journeyman OpWn of Gozag (D:10)
  9 dancing weapons
  7 alligators
  7 naga warriors
  2 naga sharpshooters
  5 shock serpents
  A deep elf knight (Elf:2)
  2 goliath frogs
  3 salamander mystics
  A spriggan druid (Swamp:4)
  A skeletal warrior (D:14)
  10 deep trolls
  7 swamp dragons
  4 naga ritualists
  4 bog bodies
  A lindwurm (Vaults:4)
  2 mana vipers
  9 ugly things
  2 will-o-the-wisps
  6 salamanders
  3 guardian serpents
  9 naga magi
  18 black mambas
  7 vault sentinels
  An unseen horror (shapeshifter) (D:10)
  An elf zombie (Vaults:4)
  A yaktaur (Vaults:4)
  A freezing wraith (Vaults:3)
  A human skeleton (Vaults:4)
  A bloated husk (Swamp:1)
  3 tyrant leeches
  16 slime creatures
  6 hornets
  5 spriggans
  2 water elementals (Elf:3)
  A hog (Swamp:4)
  A fire elemental (Elf:1)
  A human simulacrum (Vaults:4)
  23 nagas
  Edmund (D:5)
  An ogre skeleton (Vaults:4)
  4 swamp drakes
  A black bear (shapeshifter) (D:10)
  An ogre (D:6)
  2 hounds
  3 gnolls (D:4)
  4 adders
  A white imp (D:3)
  A worm (D:2)
  A dart slug (D:2)
  An orc (D:3)
  2 ball pythons
  An endoplasm (D:2)
  4 giant cockroaches
  3 goblins (D:2)
  2 hobgoblins (D:3)
  2 jackals (D:3)
  A quokka (D:3)
  2 bats (D:2)
  A kobold (D:2)
  A ball lightning (Vaults:1)
273 creatures vanquished.

Vanquished Creatures (others)
  An alligator (Swamp:3)
  A black mamba (Snake:2)
  139 ball lightnings
  7 briar patches (Swamp:3)
  14 foxfires
  20 fungi
  42 plants
224 creatures vanquished.

Grand Total: 1672 creatures vanquished

Notes
Turn   | Place    | Note
-------+----------+-------------------------------------------
     0 | D:1      | xSliceyx the Djinni Hedge Wizard began the quest for the
                  | Orb.
     0 | D:1      | xSliceyx set off with the following spells memorised: Magic
                  | Dart, Blink, Call Imp, Slow, Conjure Flame, Mephitic Cloud.
     0 | D:1      | Reached XP level 1. HP: 15/15 MP: 0/0
   189 | D:1      | Reached XP level 2. HP: 16/21 MP: 0/0
   931 | D:1      | Found Ketsel Cosk's Weapon Shoppe.
  1008 | D:1      | Found a faded altar of an unknown god.
  1428 | D:2      | Reached XP level 3. HP: 22/25 MP: 0/0
  1428 | D:2      | Learned a level 1 spell: Summon Small Mammal
  1775 | D:2      | Noticed Terence
  1793 | D:2      | Reached XP level 4. HP: 15/31 MP: 0/0
  2495 | D:2      | Reached XP level 5. HP: 24/35 MP: 0/0
  2495 | D:2      | Learned a level 2 spell: Passwall
  2870 | D:2      | Found a runed translucent door.
  2871 | D:2      | Noticed Crazy Yiuf
  3310 | D:2      | Killed Terence
  3977 | D:3      | Found Nabreske's Antique Armour Shoppe.
  4119 | D:3      | Found Owker's Weapon Shoppe.
  4596 | D:3      | Reached XP level 6. HP: 34/40 MP: 0/0
  4829 | D:3      | Found a hide-covered altar of Uskayaw.
  4843 | D:3      | Reached skill level 5 in Spellcasting
  5029 | D:3      | Found a hazy altar of Hepliaklqana.
  5030 | D:3      | Found a burning altar of Makhleb.
  5036 | D:3      | Became a worshipper of Makhleb the Destroyer
  5090 | D:3      | Found Curu's Weapon Shoppe.
  5130 | D:3      | Found Ehixur's Book Shop.
  5195 | D:3      | Found an iron altar of Okawaru.
  5294 | D:3      | Found Luuhinud's Antique Armour Boutique.
  6041 | D:3      | Noticed an ogre
  6051 | D:3      | Killed an ogre
  6052 | D:3      | Reached XP level 7. HP: 30/45 MP: 0/0
  6052 | D:3      | Learned a level 3 spell: Ignite Poison
  6327 | D:3      | Bought a slimy robe for 153 gold pieces
  6327 | D:3      | Identified the +0 robe "Ofunisehom" {rC++ Str-4 Dex+4} (You
                  | bought it in a shop on level 3 of the Dungeon)
  6688 | D:4      | Reached skill level 1 in Fighting
  7044 | D:4      | Found a broken altar of Ashenzari.
  7540 | D:4      | Found an opulent altar of Gozag.
  7544 | D:4      | Found Gozag's Platinum Reserve.
  7666 | D:5      | Entered Level 5 of the Dungeon
  7677 | D:5      | Reached * piety under Makhleb
  7847 | D:5      | Noticed Ijyb
  7868 | D:5      | Killed Ijyb
  8129 | D:5      | Noticed Prince Ribbit
  8135 | D:5      | Noticed Edmund
  8245 | D:4      | Reached XP level 8. HP: 38/56 MP: 0/0
  8404 | D:4      | Killed Prince Ribbit
  8540 | D:5      | Killed Edmund
  8541 | D:5      | Reached skill level 3 in Dodging
  8546 | D:5      | Noticed Pikel
  8662 | D:4      | Reached skill level 4 in Dodging
  9093 | D:5      | Noticed Menkaure
  9287 | D:6      | Reached skill level 5 in Dodging
  9307 | D:6      | Reached XP level 9. HP: 39/60 MP: 0/0
  9307 | D:6      | Learned a level 4 spell: Olgreb's Toxic Radiance
  9593 | D:5      | Killed Menkaure
  9594 | D:5      | Reached skill level 6 in Dodging
  9620 | D:5      | Reached skill level 7 in Dodging
  9895 | D:5      | Killed Pikel
  9931 | D:5      | Found a staircase to the Ecumenical Temple.
 10297 | D:2      | Killed Crazy Yiuf
 10804 | D:6      | Noticed Duvessa
 11135 | D:6      | Noticed Dowan
 11137 | D:6      | Killed Duvessa
 11138 | D:6      | Killed Dowan
 11430 | D:3      | Bought a runed buckler for 195 gold pieces
 11579 | D:7      | Reached skill level 1 in Shields
 11824 | D:7      | Noticed a boulder beetle
 12261 | D:7      | Reached XP level 10. HP: 60/67 MP: 0/0
 12336 | D:7      | Killed a boulder beetle
 12337 | D:7      | Reached skill level 5 in Shields
 13073 | D:7      | Found a white marble altar of Elyvilon.
 13346 | D:7      | Killed an unseen horror
 13982 | D:7      | Found a snail-covered altar of Cheibriados.
 14321 | D:8      | Reached ** piety under Makhleb
 14343 | D:8      | Reached skill level 5 in Fighting
 14533 | D:8      | Identified the ring "Volo" {Ice Will++ MP+9 Int+4 Dex-5}
 14794 | D:8      | Noticed Grum
 14799 | D:8      | Killed Grum
 14988 | D:8      | Found a glowing golden altar of the Shining One.
 15393 | D:9      | Reached XP level 11. HP: 68/76 MP: 0/0
 15393 | D:9      | Learned a level 4 spell: Ice Form
 16490 | D:10     | Entered Level 10 of the Dungeon
 16995 | D:10     | Noticed Josephine
 17173 | D:10     | Reached skill level 1 in Invocations
 17506 | D:10     | Killed Josephine
 17506 | D:10     | Reached *** piety under Makhleb
 17874 | D:10     | Found a staircase to the Lair.
 18165 | D:10     | Found a portal to a secret trove of treasure.
 18216 | D:10     | Identified the +2 mace of Duty {speed, Fragile rPois Int+5
                  | Dex+4}
 18519 | D:10     | Reached skill level 10 in Spellcasting
 18654 | D:10     | Found a runed translucent gate.
 18655 | D:10     | Found a runed translucent gate.
 18655 | D:10     | Found a runed translucent gate.
 18655 | D:10     | Noticed a white ugly thing
 18655 | D:10     | Noticed a white ugly thing
 18656 | D:10     | Noticed a cyan ugly thing
 18656 | D:10     | Noticed a purple ugly thing
 18656 | D:10     | Noticed a green ugly thing
 18703 | D:10     | Found a basalt altar of Yredelemnul.
 19079 | Lair:1   | Entered Level 1 of the Lair of Beasts
 19622 | Lair:1   | Reached XP level 12. HP: 76/87 MP: 0/0
 21259 | Lair:2   | Reached skill level 10 in Fighting
 21377 | Lair:2   | Reached **** piety under Makhleb
 21395 | Lair:2   | Noticed Erica
 21401 | Lair:2   | Killed Erica
 21527 | Lair:2   | Found a staircase to the Swamp.
 22287 | Lair:3   | Noticed an eight-headed hydra
 22351 | Lair:3   | Found a dark tunnel.
 22362 | Volcano  | Entered a volcano
 22792 | Volcano  | Noticed a skeletal warrior
 22808 | Volcano  | Killed a skeletal warrior
 22818 | Volcano  | HP: 2/95 [harpy skeleton (3)]
 23351 | Volcano  | Reached XP level 13. HP: 85/102 MP: 0/0
 23351 | Volcano  | Learned a level 5 spell: Borgnjor's Vile Clutch
 24206 | Lair:3   | Noticed a seven-headed hydra
 24219 | Lair:3   | Killed a seven-headed hydra
 24321 | Lair:3   | Found a staircase to the Snake Pit.
 24597 | Lair:3   | You are sucked into a shaft and drop 1 floor!
 24770 | Lair:4   | Reached ***** piety under Makhleb
 25874 | Lair:4   | Noticed a seven-headed hydra
 25885 | Lair:4   | Killed a seven-headed hydra
 26117 | Lair:4   | Noticed an eight-headed hydra
 26127 | Lair:4   | Reached XP level 14. HP: 94/112 MP: 0/0
 26323 | Lair:4   | Found a viscous altar of Jiyva.
 26323 | Lair:4   | Found a staircase to the Slime Pits.
 26669 | Lair:3   | Found a runed translucent gate.
 26669 | Lair:3   | Found a runed translucent gate.
 26671 | Lair:3   | Found a runed translucent gate.
 26671 | Lair:3   | Noticed Unforgiven's ghost (journeyman VSFi)
 27115 | Lair:3   | Found an iron altar of Okawaru.
 27601 | Lair:5   | Entered Level 5 of the Lair of Beasts
 28257 | D:1      | Bought the +4 spear "Plojy" {speed, Fragile rElec rCorr
                  | Int+4} for 719 gold pieces
 28726 | Lair:5   | Reached skill level 8 in Dodging
 28814 | Lair:5   | Reached skill level 9 in Dodging
 28814 | Lair:5   | Reached skill level 5 in Invocations
 28946 | Lair:5   | Noticed Rupert
 28953 | Lair:5   | Killed Rupert
 29028 | Lair:5   | Reached skill level 10 in Dodging
 29835 | Lair:5   | Reached XP level 15. HP: 107/117 MP: 0/0
 29835 | Lair:5   | Learned a level 6 spell: Summon Cactus Giant
 29960 | Lair:5   | Reached skill level 11 in Dodging
 31808 | D:12     | Found a staircase to the Orcish Mines.
 31889 | D:12     | Reached ****** piety under Makhleb
 31922 | D:12     | Noticed Gastronok
 31933 | D:12     | Killed Gastronok
 32252 | D:12     | Reached skill level 12 in Dodging
 32581 | D:12     | Noticed Erolcha
 32585 | D:12     | Killed Erolcha
 32685 | D:12     | Noticed Nessos
 32691 | D:12     | Killed Nessos
 33042 | Orc:1    | Entered Level 1 of the Orcish Mines
 33410 | Orc:2    | Entered Level 2 of the Orcish Mines
 33799 | Orc:2    | Reached skill level 10 in Invocations
 33967 | Orc:2    | Found a staircase to the Elven Halls.
 34255 | Orc:2    | Reached skill level 13 in Dodging
 34292 | Orc:2    | Reached skill level 14 in Dodging
 34295 | Orc:2    | Reached XP level 16. HP: 121/123 MP: 0/0
 34508 | Orc:2    | Found Mamunaal's Jewellery Boutique.
 34510 | Orc:2    | Found Cokik's Assorted Antiques.
 34514 | Orc:2    | Found Yqam's Antique Armour Shoppe.
 34522 | Orc:2    | Bought a scroll labelled TIEDWO FORCHEI for 31 gold pieces
 34522 | Orc:2    | Bought a potion of curing for 93 gold pieces
 34522 | Orc:2    | Bought a potion of curing for 93 gold pieces
 34522 | Orc:2    | Bought a scroll labelled DEESTI PEHOU for 31 gold pieces
 34534 | Orc:2    | Found Dedyhewa's Jewellery Shop.
 34537 | Orc:2    | Bought an embroidered cloak for 225 gold pieces
 35218 | D:13     | Found a runed translucent door.
 35222 | D:13     | Found a runed translucent door.
 35469 | D:13     | Found a runed translucent door.
 35474 | D:13     | Noticed sanboga's ghost (journeyman MiMo)
 35526 | D:13     | Killed sanboga's ghost
 35648 | D:13     | Found a runed translucent door.
 35683 | D:13     | Found the +2 hood of the Assassin {Detection Stab+ Stlth++}
 35695 | D:13     | Reached skill level 15 in Dodging
 37099 | D:14     | Reached skill level 16 in Dodging
 37320 | D:14     | Found a gate to the Vaults.
 37753 | D:15     | Entered Level 15 of the Dungeon
 37788 | D:15     | Reached skill level 17 in Dodging
 38336 | D:15     | Found a staircase to the Depths.
 38766 | D:15     | Reached skill level 18 in Dodging
 38766 | D:15     | Reached XP level 17. HP: 110/129 MP: 0/0
 38766 | D:15     | Learned a level 6 spell: Death Channel
 39886 | Swamp:1  | Entered Level 1 of the Swamp
 41016 | Swamp:2  | Identified the +8 rapier of Fee Simple {pain, rF+ Str-3
                  | Dex+7}
 41639 | Swamp:3  | Noticed a thorn hunter
 41645 | Swamp:3  | Killed a thorn hunter
 41715 | Swamp:3  | Identified the amulet of Soed {Acrobat rN+}
 43168 | Swamp:4  | Entered Level 4 of the Swamp
 43576 | Swamp:4  | Reached skill level 19 in Dodging
 43578 | Swamp:4  | Noticed a thorn hunter
 43588 | Swamp:4  | Killed a thorn hunter
 44027 | Swamp:4  | Noticed a thorn hunter
 44074 | Swamp:4  | Killed a thorn hunter
 44102 | Swamp:4  | Noticed Kirke
 44110 | Swamp:4  | Killed Kirke
 44111 | Swamp:4  | Reached XP level 18. HP: 123/135 MP: 0/0
 44617 | Swamp:4  | Reached skill level 20 in Dodging
 44659 | Swamp:4  | Got a decaying rune of Zot
 44920 | Swamp:4  | HP: 3/135 [six-headed hydra (13)]
 46169 | D:10     | Reached skill level 21 in Dodging
 46181 | D:10     | Found a runed translucent gate.
 46181 | D:10     | Found a runed translucent gate.
 46188 | D:10     | Found a runed translucent gate.
 46188 | D:10     | Noticed Rangus's ghost (journeyman OpWn)
 46205 | D:10     | Killed Rangus's ghost
 46425 | D:10     | Gained mutation: You are frail. (-10% HP) [mutagenic glow]
 46489 | D:10     | Lost mutation: You are frail. (-10% HP) [potion of
                  | mutation]
 46489 | D:10     | Gained mutation: You are frail. (-10% HP) [potion of
                  | mutation]
 46489 | D:10     | Gained mutation: You are strong-willed. (Will+) [potion of
                  | mutation]
 46489 | D:10     | Gained mutation: You possess an exceptional clarity of
                  | mind. [potion of mutation]
 46489 | D:10     | Gained mutation: You are partially covered in iridescent
                  | scales. (AC +2) [potion of mutation]
 46490 | D:10     | Lost mutation: You are strong-willed. (Will+) [potion of
                  | mutation]
 46490 | D:10     | Lost mutation: You are frail. (-10% HP) [potion of
                  | mutation]
 46490 | D:10     | Gained mutation: You have a pair of small horns on your
                  | head. [potion of mutation]
 46490 | D:10     | Gained mutation: You have sharp fingernails. [potion of
                  | mutation]
 46490 | D:10     | Gained mutation: Your skin changes colour to match your
                  | surroundings (Stealth+). [potion of mutation]
 46764 | Lair:3   | Killed Unforgiven's ghost
 46962 | Snake:1  | Entered Level 1 of the Snake Pit
 47314 | Snake:1  | Found a stormy altar of Qazlal.
 47608 | Snake:1  | Found Bathaino's Antique Weapon Emporium.
 47892 | Snake:1  | Reached skill level 22 in Dodging
 47958 | Snake:1  | Found Taapa's Magic Scroll Boutique.
 47960 | Snake:1  | Found Ryorphal's Jewellery Boutique.
 47960 | Snake:1  | Found Kacuc Cuyf's Armour Emporium.
 47967 | Snake:1  | Bought a scroll of blinking for 97 gold pieces
 47967 | Snake:1  | Bought a scroll of identify for 26 gold pieces
 47967 | Snake:1  | Bought a scroll of immolation for 52 gold pieces
 47967 | Snake:1  | Bought a scroll of fear for 52 gold pieces
 47967 | Snake:1  | Bought a scroll of teleportation for 39 gold pieces
 47975 | Snake:1  | Found Piemoj's Assorted Antiques.
 47978 | Snake:1  | Found Ucergh's Weapon Boutique.
 47978 | Snake:1  | Found Kithruilepn's General Store.
 47982 | Snake:1  | Bought a vibrating brass ring for 210 gold pieces
 47982 | Snake:1  | Identified the ring "Winidgh" {rPois Int+4} (You bought it
                  | in a shop on level 1 of the Snake Pit)
 47982 | Snake:1  | Bought a scroll of identify for 84 gold pieces
 47982 | Snake:1  | Bought a scroll of enchant armour for 315 gold pieces
 47982 | Snake:1  | Bought 3 scrolls of identify for 252 gold pieces
 47989 | Snake:1  | Bought a scroll of teleportation for 45 gold pieces
 48732 | Snake:2  | Reached XP level 19. HP: 114/140 MP: 0/0
 48732 | Snake:2  | Learned a level 6 spell: Conjure Ball Lightning
 49533 | Snake:3  | Noticed Agnes
 49543 | Snake:3  | Killed Agnes
 49986 | Snake:3  | Reached skill level 23 in Dodging
 50590 | Snake:3  | Found an opulent altar of Gozag.
 50651 | Snake:3  | Found Xuseolu's Weapon Shoppe.
 50653 | Snake:3  | Found Edideub's Weapon Emporium.
 50653 | Snake:3  | Found Worir's Jewellery Shoppe.
 50656 | Snake:3  | Found Etsunurr's Book Emporium.
 51018 | Snake:3  | Bought the ring "Unuwk" {rN+ rCorr Str+5} for 500 gold
                  | pieces
 51061 | Snake:4  | Entered Level 4 of the Snake Pit
 51705 | Snake:4  | Reached skill level 24 in Dodging
 51758 | Snake:4  | HP: 4/140 [salamander tyrant (22)]
 52099 | Snake:4  | Found a runed translucent door.
 52100 | Snake:4  | Noticed BeingJoeMalik's ghost (adept NaFi)
 53137 | Snake:4  | Got a serpentine rune of Zot
 53296 | Snake:4  | Reached XP level 20. HP: 126/147 MP: 0/0
 53301 | Snake:4  | Reached skill level 25 in Dodging
 54367 | Elf:1    | Entered Level 1 of the Elven Halls
 56106 | Elf:1    | Found Amorulai's Distillery.
 56108 | Elf:1    | Found Tuluf's Armour Boutique.
 56110 | Elf:1    | Found Peshat's Distillery.
 56111 | Elf:1    | Found Gausid's Armour Boutique.
 56114 | Elf:1    | Bought a potion of haste for 130 gold pieces
 56287 | Elf:2    | Reached skill level 26 in Dodging
 56601 | Elf:2    | Found a huge runed translucent gate.
 56601 | Elf:2    | Found a huge runed translucent gate.
 56601 | Elf:2    | Found a huge runed translucent gate.
 56601 | Elf:2    | Found a huge runed translucent gate.
 56605 | Elf:2    | Found a huge runed translucent gate.
 56697 | Elf:2    | Found Cosoas's Magic Scroll Emporium.
 58569 | Elf:3    | Entered Level 3 of the Elven Halls
 58816 | Elf:3    | Noticed Mara
 58833 | Elf:3    | Noticed xSliceyx's illusion
 58840 | Elf:3    | Killed Mara
 58991 | Elf:3    | Found Qecidirui's Antique Armour Boutique.
 59002 | Elf:3    | Reached skill level 27 in Dodging
 59430 | Elf:3    | Reached XP level 21. HP: 73/152 MP: 0/0
 59430 | Elf:3    | Learned a level 8 spell: Borgnjor's Revivification
 60120 | Elf:3    | Identified the +8 halberd "Cotutun" {vorpal, *Noise rC+
                  | Str+4}
 60255 | Elf:3    | Identified the +6 broad axe "Orug" {vorpal, Will+ Int+7}
 60255 | Elf:3    | Identified the ring "Buxzut" {+Blink rF+ Will- rCorr}
 60266 | Elf:3    | Reached skill level 15 in Spellcasting
 60455 | Elf:3    | Identified the +3 dagger of Uwkarch {flame, rC+ Int+3 SInv}
 60457 | Elf:3    | Identified the +5 quick blade of the Foremost Planets
                  | {pain, rCorr Int+3}
 61001 | Vaults:1 | Entered Level 1 of the Vaults
 63529 | Vaults:2 | Reached XP level 22. HP: 158/158 MP: 0/0
 66135 | Vaults:2 | Identified the ring "Wererphi" {Fly Str+3}
 66303 | Vaults:3 | Found a flickering gateway to a bazaar.
 66312 | Bazaar   | Entered a bazaar
 66332 | Bazaar   | Found Jybler's Jewellery Shoppe.
 66343 | Bazaar   | Found Tynyuc's General Store.
 66346 | Bazaar   | Found Geeshoyl's Magic Scroll Shoppe.
 66377 | Bazaar   | Found Tioqisch's Antique Weapon Boutique.
 66434 | Bazaar   | Bought a scroll of acquirement for 624 gold pieces
 66434 | Bazaar   | Bought a scroll of fear for 48 gold pieces
 66440 | Bazaar   | Bought 2 potions of curing for 84 gold pieces
 66440 | Bazaar   | Bought 2 potions of ambrosia for 224 gold pieces
 66450 | Bazaar   | Bought the amulet of Nefiong {rElec rC- Regen+ Str+2 Int+6}
                  | for 376 gold pieces
 66450 | Bazaar   | Bought the amulet of Medeeth {Regen+ Str+3} for 303 gold
                  | pieces
 66640 | Vaults:3 | Acquired 627 gold pieces
 66789 | Vaults:3 | Noticed Margery
 66794 | Vaults:3 | Killed Margery
 66979 | Vaults:3 | Noticed Bai Suzhen
 67001 | Vaults:3 | Killed Bai Suzhen
 67308 | Vaults:3 | Found a staircase to the Crypt.
 67348 | Vaults:3 | Reached XP level 23. HP: 156/164 MP: 0/0
 67348 | Vaults:3 | Learned a level 7 spell: Haunt
 67667 | Vaults:3 | Identified the +5 ring mail of Dyrer {Rampage Will- Str-4
                  | Int+7}
 68747 | Elf:1    | Bought a potion of curing for 48 gold pieces
 68747 | Elf:1    | Bought a potion of curing for 48 gold pieces
 68747 | Elf:1    | Bought a potion of haste for 160 gold pieces
 68747 | Elf:1    | Bought a potion of curing for 48 gold pieces
 68812 | Elf:2    | Bought a scroll of blinking for 120 gold pieces
 68812 | Elf:2    | Bought a scroll of teleportation for 48 gold pieces
 68812 | Elf:2    | Bought a scroll of teleportation for 48 gold pieces
 68812 | Elf:2    | Bought a scroll of teleportation for 48 gold pieces
 68812 | Elf:2    | Bought a scroll of poison for 64 gold pieces
 68867 | Elf:1    | Bought a potion of resistance for 130 gold pieces
 68867 | Elf:1    | Bought a potion of heal wounds for 65 gold pieces
 68867 | Elf:1    | Bought 2 potions of curing for 78 gold pieces
 68867 | Elf:1    | Bought a potion of mutation for 104 gold pieces
 69197 | Vaults:4 | Found Ufuts's Weapon Boutique.
 69217 | Vaults:4 | Noticed Boris
 69229 | Vaults:4 | Killed Boris
 70388 | Vaults:4 | Noticed Mennas
 70399 | Vaults:4 | Killed Mennas
 70935 | Vaults:5 | Entered Level 5 of the Vaults
 71051 | Vaults:5 | HP: 1/164 [yaktaur captain/bolt (48)]
 71052 | Vaults:5 | Slain by a tentacled monstrosity

Illustrated notes

Levels and vault maps discovered:
D:1:      lightli_molten_gateway, layout_loops_ring, serial_shops,
          nicolae_shop_temple_entry_statues_fountains,
          hellmonk_ecumenical_altar_leap_of_faith, st_stairs_10
D:2:      layout_basic, dk_noncrumbling_2, minmay_worlds_worst_comb,
          uniq_terence, uniq_crazy_yiuf_cottage
D:3:      layout_loops_ring, general_overflow_altar, grunt_temple_overflow_open,
          serial_shops, nicolae_shop_competitors_out_of_business, shop, shop,
          shop_fountains, nicolae_square_shop, dreamdust_wishing_well,
          kennysheep_big_empty_room, minmay_randomly_rotated_circles
D:4:      kennysheep_spiral_hall, layout_loops_ring,
          nicolae_gozag_zags_fifth_avenue, overflow_temple_1_default,
          hangedman_decor_diamond_cutter
D:5:      layout_basic, temple_statues, uniq_prince_ribbit1, uniq_ijyb,
          uniq_pikel, uniq_edmund, uniq_menkaure
D:6:      layout_rooms, solitary_fountain, uniq_duvessa
D:7:      layout_loops_ring, mainiacjoe_overflow_swirl, kb_rosetta
D:8:      layout_loops_cross, lemuel_round_altar, uniq_grum
D:9:      layout_cave_pods
D:10:     layout_roguey, yredelemnul_forgotten_temple_becter, erik_lair_dragon,
          ploomutoo_gammafunk_ghost_potion_laboratory, enter_trove_6,
          uniq_josephine
D:11:     layout_stronghold
D:12:     minmay_dotted_concentric_squares, layout_basic, uniq_erolcha,
          uniq_gastronok, uniq_nessos
D:13:     layout_basic, ebering_ghost_reflecting_pool, mikee_hates_you
D:14:     layout_big_octagon, lightli_vaults_fourway_checkpoint, hex_tiny
D:15:     grunt_enter_depths_snipers, layout_loops_ring
Lair:1:   layout_cave_shapes, grunt_megastairs_5
Lair:2:   layout_loops_ring, minmay_swamp_entry_reptiles, lemuel_fruit_tree,
          grunt_megastairs_2, uniq_erica
Lair:3:   layout_cave_pods, guppyfry_snake_entry_garden, basic_altar,
          nicolae_volcano_entry_lava_flow, gammafunk_ghost_hydra_chop,
          grunt_megastairs_3, infiniplex_staircase_pool
Lair:4:   layout_roguey, slime_entry_1, fungi_pond_lemuel
Lair:5:   minmay_lair_end_enchanted_forest, layout_regular_city, minivault_23,
          uniq_rupert
Swamp:1:  layout_falls_marsh, evilmike_swamp_ruin_house_3
Swamp:2:  layout_basic_swamp, nicolae_swamp_some_circles
Swamp:3:  layout_basic_swamp, nicolae_swamp_orc_logging_accident, swamp_pool5,
          hangedman_swamp_cone
Swamp:4:  swamp_basic_johnstein, layout_basic_swamp, uniq_kirke
Snake:1:  layout_onion_interference, serial_shops, shop_statue, basic_altar,
          nicolae_snake_serpentine_bazaar
Snake:2:  layout_onion, serial_bayou_pond_a
Snake:3:  layout_rooms, basic_altar, minmay_shoptagon, uniq_agnes
Snake:4:  minmay_snake_end_coiled, layout_rooms, gammafunk_ghost_grave,
          nicolae_snake_omega
Orc:1:    layout_caves, roderic_batcave
Orc:2:    st_orc_open, layout_caves
Elf:1:    layout_gridlike, minmay_elf_sorcery, minmay_shop_grid_forest,
          drop_trap
Elf:2:    elven_hall_of_blades_hangedman_alternative [grunt_blade_entry_basic],
          layout_loops_corners, serial_shops, shop, serial_co_window_serial,
          co_window_corner_a, co_window_of_opportunity_a, co_window_paths_b,
          co_window_paths_b, co_window_corner_a, co_window_broadway_a,
          co_window_of_opportunity_b, co_window_cross_2, co_window_paths_d,
          glass_columns_a, glass_columns_b, glass_columns_b, glass_columns_a,
          glass_columns_a
Elf:3:    elf_hall, layout_geoelf_diagonals, serial_shops,
          nicolae_shop_hallway_plus, uniq_mara
Vaults:1: vaults_dpeg_hooks, vaults_dpeg_spiral,
          nicolae_vaults_twisting_passages, v_rooms_3, v_alt_pattern_3,
          vaults_room_semicircle, grunt_vaults_twisty, layout_vaults_quadrants
Vaults:2: nicolae_vaults_little_squares_3, vaults_dpeg_doors,
          nicolae_vaults_hallways_thing, nicolae_vaults_little_squares_5,
          nicolae_vaults_little_squares_3, nicolae_vaults_asterisk,
          nicolae_vaults_alarming, nicolae_vaults_network_star, v_pattern_3,
          vaults_dpeg_diagonal, dpeg_vaults_monster_row,
          nicolae_vaults_rhombus_5, vaults_mumra_lcd, layout_vaults_ring
Vaults:3: hangedman_vaults_river_flow, v_misc_19,
          minmay_crypt_entry_simple_walls, ontoclasm_vaults_spin,
          vaults_room_door_ring, vaults_room_door_hall,
          nicolae_vaults_rhombus_6, v_pattern_4, vaults_room_door_ring,
          ontoclasm_vaults_eye, ontoclasm_vaults_ring_large,
          ontoclasm_vaults_loading_screen, nicolae_vaults_c_with_doors,
          layout_vaults_omnibox, serial_shops, bzr_entry_islet, uniq_margery,
          uniq_bai_suzhen
Vaults:4: vaults_room_fancy_cross, hangedman_vaults_pinch,
          hangedman_vaults_locks, ontoclasm_vaults_fault,
          ontoclasm_vaults_gateway, nicolae_vaults_halls_meeting,
          ontoclasm_vaults_twist, ontoclasm_vaults_decontamination,
          layout_vaults_chaotic_city, serial_shops, nicolae_shop_statue_plus,
          uniq_boris, uniq_mennas
Vaults:5

Skill      XL: |  1  2  3  4  5  6  7  8  9 10 11 12 13 14 15 16 17 18 19 20 21 22 23 |
---------------+----------------------------------------------------------------------+-----
Spellcasting   | 3 4 5 6 7 8 9 10 12 14 16 18 20 | 20.0
Fighting       | 3 6 8 12 14 | 14.0
Dodging        | 5 7 10 14 18 19 22 24 27 | 27.0
Shields        | 3 6 7 |  7.0
Evocations     | 2 |  2.0
Invocations    | 1 7 10 11 | 11.5
Stealth        | |  1.5

Action                   |  1- 3 |  4- 6 |  7- 9 | 10-12 | 13-15 | 16-18 | 19-21 | 22-24 || total
-------------------------+-------+-------+-------+-------+-------+-------+-------+-------++-------
Melee: Spear             |     3 |     9 |       |       |     7 |    19 |    34 |     6 ||    78
       Staff             |       |     8 |       |       |       |       |       |       ||     8
       Dagger            |       |     3 |     3 |       |       |       |       |       ||     6
       Dire flail        |       |       |     4 |       |       |       |       |       ||     4
       Great sword       |       |       |     5 |       |       |       |       |       ||     5
       Mace              |       |       |       |    70 |    11 |       |       |       ||    81
       Unarmed           |       |       |       |    78 |       |       |       |       ||    78
       Headbutt          |       |       |       |       |       |       |    16 |     2 ||    18
Throw: Dart              |       |       |     3 |       |       |       |       |       ||     3
 Cast: Magic Dart        |    43 |   145 |   214 |   318 |   203 |   158 |   128 |    46 ||  1255
       Summon Small Mamm |    10 |    15 |    22 |    11 |     5 |     4 |     1 |       ||    68
       Call Imp          |     5 |    16 |    18 |    16 |     2 |    15 |     7 |     2 ||    81
       Conjure Flame     |     2 |     5 |    17 |    39 |    14 |    18 |     7 |       ||   102
       Mephitic Cloud    |     1 |     2 |     3 |     2 |     1 |     1 |     1 |    22 ||    33
       Blink             |       |     7 |    14 |    15 |       |    25 |    17 |       ||    78
       Slow              |       |     5 |    27 |    45 |    25 |    27 |     6 |     1 ||   136
       Passwall          |       |     3 |       |       |     3 |       |       |       ||     6
       Ignite Poison     |       |       |     8 |    75 |   135 |   114 |    93 |   109 ||   534
       Olgreb's Toxic Ra |       |       |     8 |    60 |   127 |   112 |    82 |    92 ||   481
       Ice Form          |       |       |       |    12 |     1 |     1 |       |     1 ||    15
       Borgnjor's Vile C |       |       |       |       |   135 |   205 |   245 |   132 ||   717
       Summon Cactus Gia |       |       |       |       |     5 |    55 |    63 |    13 ||   136
       Death Channel     |       |       |       |       |       |    33 |    24 |     6 ||    63
       Conjure Ball Ligh |       |       |       |       |       |       |    51 |     6 ||    57
       Haunt             |       |       |       |       |       |       |       |    37 ||    37
Invok: Major Destruction |       |       |       |       |       |    12 |       |     2 ||    14
       Greater Servant o |       |       |       |       |       |     1 |       |       ||     1
Evoke: Wand              |       |       |     1 |       |       |       |     1 |       ||     2
       Lightning rod     |       |       |       |     4 |       |       |       |       ||     4
  Use: Scroll            |       |       |     6 |     5 |     5 |    19 |     7 |     7 ||    49
       Potion            |       |       |       |     3 |       |     2 |     6 |     5 ||    16
 Stab: Distracted        |       |       |       |     4 |       |       |     1 |       ||     5
       Sleeping          |       |       |       |       |       |       |     1 |       ||     1
Armor: Robe              |     3 |    16 |     8 |    17 |    21 |    26 |    19 |     5 ||   115
       Skin              |       |       |       |    25 |     2 |       |       |       ||    27
Dodge: Dodged            |     5 |    33 |    22 |    86 |    65 |    91 |   140 |    71 ||   513
Block: Other             |       |    11 |     8 |    14 |       |       |       |       ||    33
       Reflection        |       |     2 |     1 |       |     5 |    18 |    46 |     7 ||    79
       Buckler           |       |       |     2 |    70 |    69 |    79 |    99 |    54 ||   373
